 Dungeon Crawl Stone Soup version 0.29-a0-643-ga013cefcf8 (webtiles) character file.

Game seed: 11599754724053115224

38 zeratav the Sneak (level 3, -6/21 HPs)
             Began as a Kobold Gladiator on June 20, 2022.
             Mangled by Natasha (8 damage)
             ... on level 2 of the Dungeon.
             The game lasted 00:01:00 (1055 turns).

zeratav the Sneak (Kobold Gladiator)                Turns: 1055, Time: 00:01:00

Health: -6/21      AC:  4    Str: 11    XL:     3   Next: 65%
Magic:  3/3        EV: 15    Int:  9    God:
Gold:   42         SH:  0    Dex: 18    Spells: 2/2 levels left

rFire   . . .      SeeInvis .   a - +0 rapier {short}
rCold   . . .      Faith    .   (no shield)
rNeg    . . .      Spirit   .   b - +0 leather armour
rPois   .          Reflect  .   c - +0 helmet
rElec   .          Harm     .   (no cloak)
rCorr   .          Rampage  .   (no gloves)
Will    .....                   (no boots)
Stlth   ++++......              (no amulet)
HPRegen 0.07/turn               (no ring)
MPRegen 0.08/turn               (no ring)

@: no status effects
A: small, no large weapons, nightstalker 3
a: no special abilities


You were on level 2 of the Dungeon.
You visited 1 branch of the dungeon, and saw 2 of its levels.

You collected 42 gold pieces.


Innate Abilities, Weirdness & Mutations

You are small and have problems with some larger weapons.
You are completely attuned to the shadows.


   Skills:
 - Level 2.1 Fighting
 - Level 4.0 Short Blades
 - Level 2.1 Throwing
 - Level 3.6 Dodging
 + Level 4.4 Stealth


You had 2 spell levels left.
You didn't know any spells.
Your spell library was empty.

Inventory:

Hand Weapons
 a - a +0 rapier (weapon) {short}
Missiles
 d - 3 throwing nets (quivered) {=fthrowing}
 e - 2 boomerangs {throwing}
Armour
 b - a +0 leather armour (worn)
 c - a +0 helmet (worn)
Jewellery
 m - an amulet of the acrobat
   (You found it on level 2 of the Dungeon)
Scrolls
 f - a scroll of silence {unknown}
 g - 4 scrolls of fear {unknown}
 i - a scroll of enchant armour {unknown}
 j - 2 scrolls of teleportation {unknown}
 k - a scroll of poison {unknown}
 l - a scroll of identify {unknown}
 n - a scroll of vulnerability {unknown}
Potions
 h - a potion of degeneration {unknown}
 o - 2 potions of flight {unknown}

Dungeon Overview and Level Annotations

Branches:
Dungeon (2/15) Zot: 10944

Altars:

Shops:
D:2 (

Annotations:
D:2 Natasha

.# .# . .# .#.
#.#.#### .... #.......
.#.#.### ##.......
........ ...h......
...#.... ....@.....
...#.... .....5....
>....# ##........
#..#.# ... #†#......
#>.#.###...###....####
#.##...........##.#
#.###..#####.†..#.#
#.#.#..#####....#.#
#.#....##.........#


You could see Natasha and a crimson imp (summoned).


Message History

No target in view!
No target in view!
No target in view!
No target in view!
No target in view!
No target in view!
No target in view!
No target in view!
No target in view!
No target in view!
No target in view!
No target in view!
No target in view!
No target in view!
No target in view!
A quokka comes into view.
A quokka is nearby!
You hit the quokka.
You kill the quokka!
No target in view!
No target in view!
No target in view!
No target in view!
No target in view!
No target in view!
No target in view!
No target in view!
No target in view!
No target in view!
No target in view!
Found Ugheev's Antique Weapon Boutique.
There is an entrance to Ugheev's Antique Weapon Boutique here.
You can access your shopping list by pressing '$'.
You open the large door.
There is a large open door here.
A frilled lizard comes into view.
The helpless frilled lizard fails to defend itself.
You impale the frilled lizard!!
You kill the frilled lizard!
No target in view!
You open the large door.
Found a stone staircase leading up.
There is a large open door here.
A hobgoblin comes into view.
The helpless hobgoblin fails to defend itself.
You impale the hobgoblin!!
You kill the hobgoblin!
No target in view!
No target in view!
No target in view!
No target in view!
No target in view!
No target in view!
No target in view!
No target in view!
No target in view!
No target in view!
No target in view!
No target in view!
No target in view!
No target in view!
Natasha, Servant of Life and Death comes into view.
Natasha hisses angrily.
Natasha closely misses you.
You closely miss Natasha. Natasha barely misses you.
You hit Natasha. Natasha claws you.
HP[-6]
You take 6 damage, and now have 15/21 hp.
MASSIVE DAMAGE!! (PAUSE)
You are too injured to fight recklessly!
You are too injured to fight recklessly!
You hit Natasha. Natasha claws you.
HP[-3]
You take 3 damage, and now have 12/21 hp.
You miss Natasha.
Natasha casts a spell.
You hit Natasha.
Natasha mumbles some strange words.
You feel troubled. Natasha closely misses you.
The crimson imp hits you but does no damage.
You barely miss Natasha. Natasha claws you.
* * * LOW HITPOINT WARNING * * *
The crimson imp hits you but does no damage.
HP[-2]
You take 2 damage, and now have 10/21 hp.
You completely miss Natasha. Natasha claws you!
* * * LOW HITPOINT WARNING * * *
The crimson imp hits you but does no damage.
HP[-7]
You take 7 damage, and now have 3/21 hp.
MASSIVE DAMAGE!! (PAUSE)
You closely miss Natasha. Natasha misses you.
The crimson imp closely misses you.
You closely miss Natasha. Natasha closely misses you. The crimson imp hits you.
* * * LOW HITPOINT WARNING * * *
HP[-1]
You take 1 damage, and now have 2/21 hp.
You hit Natasha. Natasha claws you!
You die...

Skill      XL: |  1  2  3 |
---------------+----------+-----
Stealth        | 2 3 4 |  4.4
Fighting       | |  2.1
Short Blades   | |  4.0
Throwing       | |  2.1
Dodging        | |  3.6

Action                   || total
-------------------------++-------
Melee: Rapier            ||    56
       Punch             ||     1
 Stab: Sleeping          ||    10
Armor: Leather armour    ||    11
Dodge: Dodged            ||    40

Levels and vault maps discovered:
D:1:      mushboom_english_gardens, layout_basic
D:2:      layout_basic, hellmonk_ecumenical_altar_watching_god, serial_shops,
          shop, nicolae_shop_trees, kennysheep_generic_room_3, uniq_natasha,
          uniq_crazy_yiuf_cottage

Notes
Turn   | Place    | Note
-------+----------+-------------------------------------------
     0 | D:1      | zeratav the Kobold Gladiator began the quest for the Orb.
     0 | D:1      | Reached XP level 1. HP: 12/12 MP: 1/1
     0 | D:1      | magus.rc [v1.9.6]
   243 | D:1      | Reached skill level 1 in Stealth
   305 | D:1      | Reached skill level 2 in Stealth
   307 | D:1      | Reached XP level 2. HP: 17/17 MP: 2/2
   687 | D:2      | Reached skill level 3 in Stealth
   777 | D:2      | Reached XP level 3. HP: 17/21 MP: 3/3
   927 | D:2      | Reached skill level 4 in Stealth
   951 | D:2      | Found Ugheev's Antique Weapon Boutique.
  1042 | D:2      | Noticed Natasha
  1052 | D:2      | HP: 3/21 [Natasha (7)]
  1055 | D:2      | Mangled by Natasha

Vanquished Creatures
  2 adders (D:2)
  2 bats (D:1)
  A giant cockroach (D:1)
  2 goblins (D:2)
  2 hobgoblins (D:2)
  3 jackals (D:1)
  2 quokkas (D:2)
  A ball python (D:1)
  3 frilled lizards
  2 kobolds (D:1)
20 creatures vanquished.

Table legend:
 A = Non-vault XP
 B = Vault XP
 C = Vault XP percentage of total XP
 D = Non-vault monster count
 E = Vault monster count
 F = Vault count percentage of total count
                 A         B        C        D         E       F
            +---------+---------+-------+---------+---------+-------
      Total |      54 |       1 |   1.8 |      19 |       1 |   5.0
            +---------+---------+-------+---------+---------+-------
        D:1 |      16 |       0 |   0.0 |      10 |       0 |   0.0
        D:2 |      38 |       1 |   2.6 |       9 |       1 |  10.0
            +---------+---------+-------+---------+---------+-------

Illustrated notes

Table legend:
 A = Kills in this place as a percentage of kills in entire the game.
 B = Kills by you in this place as a percentage of kills by you in the entire game.
 C = Kills by friends in this place as a percentage of kills by friends in the entire game.
 D = Other kills in this place as a percentage of other kills in the entire game.
 E = Experience gained in this place as a percentage of experience gained in the entire game.
 F = Experience gained in this place divided by the number of levels of this place that you have seen.
                   A       B       C       D       E      F
               +-------+-------+-------+-------+-------+----------------------
         Total | 100.0 | 100.0 |   N/A |   N/A | 100.0 |  27.5
       Dungeon | 100.0 | 100.0 |   N/A |   N/A | 100.0 |  27.5
               +-------+-------+-------+-------+-------+----------------------

Table legend: (Time is in decaauts)
 A = Elapsed time spent in this place.
 B = Non-inter-level travel time spent in this place.
 C = Inter-level travel time spent in this place.
 D = Time resting spent in this place.
 E = Time spent auto-exploring this place.
 F = Levels seen in this place.
 G = Mean time per level.
                   A        B        C        D        E       F      G
               +--------+--------+--------+--------+--------+-----+--------+
         Total |   1054 |   1038 |     16 |      0 |    899 |   2 |  527.0 |
       Dungeon |   1054 |   1038 |     16 |      0 |    899 |   2 |  527.0 |
               +--------+--------+--------+--------+--------+-----+--------+

Top non-repeatable levels by time:
     D:1: 612 daAuts
     D:2: 442 daAuts
